 Dungeon Crawl Stone Soup version 0.18-a0-1481-g708b138 (webtiles) character file.

20 Duffy the Ruffian (level 2, -2/16 HPs)
             Began as a Gargoyle Transmuter on Mar 2, 2016.
             Slain by a gnoll
             ... wielding a cursed -1 club
              (3 damage)
             ... on level 1 of the Dungeon.
             The game lasted 00:00:44 (1231 turns).

Duffy the Ruffian (Gargoyle Transmuter)             Turns: 1231, Time: 00:00:45

Health: -2/16      AC:  4    Str: 13    XL:     2   Next: 79%
Magic:  5/5        EV: 12    Int: 13    God:
Gold:   61         SH:  0    Dex: 10    Spells: 2 memorised, 2 levels left

rFire  . . .     SeeInvis .       - Unarmed
rCold  . . .     Gourm    .     b - +0 robe
rNeg   + . .     Faith    .     (no shield)
rPois  ∞         Spirit   .     (no helmet)
rElec  +         Dismiss  .     (no cloak)
rCorr  .         Reflect  .     (no gloves)
SustAt .         Harm     .     (no boots)
MR     .....                    (no amulet)
Stlth  +.........               (no ring)
                                (no ring)

@: not resistant to hostile enchantments, very unstealthy
A: negative energy resistance 1, electricity resistance, unbreathing,
petrification resistance, rot immunity, AC +2
a: no special abilities


You were on level 1 of the Dungeon.
You were hungry.

You visited 1 branch of the dungeon, and saw 2 of its levels.

You collected 61 gold pieces.


Innate Abilities, Weirdness & Mutations

You are resistant to torment.
Your stone body is resilient (AC +2).
You are immune to poison.
You resist negative energy.
You are resistant to electric shocks.
You can survive without breathing.
You are immune to petrification.
You are immune to rotting.


   Skills:
 - Level 1.1 Fighting
 - Level 1.5 Dodging
 + Level 4.0 Unarmed Combat
 - Level 2.0 Spellcasting
 - Level 1.5 Transmutations


You had 2 spell levels left.
You knew the following spells:

 Your Spells              Type           Power        Failure   Level  Hunger
a - Beastly Appendage     Trmt           #.....       14%         1    ##.....
s - Sticks to Snakes      Trmt           #.......     21%         2    ###....

Inventory:

Missiles
 a - 25 arrows
Armour
 b - a +0 robe (worn)
 i - a +0 chain mail
Scrolls
 h - a scroll of recharging {unknown}
 j - a scroll of fog {unknown}
 k - a scroll of magic mapping {unknown}
 l - a scroll of identify {unknown}
Potions
 e - 2 potions of might {unknown}
 g - a potion of heal wounds {unknown}
Books
 c - a book of Changes
Comestibles
 d - a bread ration
 f - 3 meat rations

Dungeon Overview and Level Annotations

Branches:
Dungeon (2/15)

Altars:


Message History

You are too injured to fight recklessly!
You are too injured to fight recklessly!
You are too injured to fight recklessly!
You are too injured to fight recklessly!
You are too injured to fight recklessly!
You are too injured to fight recklessly!
You are too injured to fight recklessly!
You are too injured to fight recklessly!
You are too injured to fight recklessly!
You are too injured to fight recklessly!
You are too injured to fight recklessly!
You are too injured to fight recklessly!
You are too injured to fight recklessly!
You are too injured to fight recklessly!
You are too injured to fight recklessly!
You are too injured to fight recklessly!
You are too injured to fight recklessly!
You are too injured to fight recklessly!
You closely miss the gnoll. The gnoll hits you with a club.
You completely miss the gnoll. The gnoll barely misses you.
You hit the gnoll.
The gnoll is moderately wounded.
The gnoll misses you.
You closely miss the gnoll.
The gnoll is moderately wounded.
You closely miss the gnoll.
The gnoll is moderately wounded.
The gnoll hits you with a club.
You barely miss the gnoll.
The gnoll is moderately wounded.
The gnoll hits you but does no damage.
You hit the gnoll but do no damage.
The gnoll is moderately wounded.
The gnoll hits you with a club.
You die...

#............................
##.#....#.....................
#............................)
##.#(.......##...#............
#.#..........................
#####.#.........##..#............
#...................#............
##.##.#........#.#.#...........##
#.............g@...(............
#........#....#.................
#....#.................#+##.....
#....#.....................#....
#....#..........................
#..........#....................
#..#.#..........................
#..#..........#...#......#......
#..####...............#.........


You could see a gnoll.

Action                   || total
-------------------------++-------
Melee: Unarmed           ||    74
 Stab: Sleeping          ||     1

Notes
Turn   | Place    | Note
--------------------------------------------------------------
     0 | D:1      | Duffy the Gargoyle Transmuter began the quest for the Orb.
     0 | D:1      | Reached XP level 1. HP: 12/12 MP: 3/3
   117 | D:1      | Reached XP level 2. HP: 12/16 MP: 5/5
   470 | D:1      | Learned a level 2 spell: Sticks to Snakes
   838 | D:1      | Reached skill level 4 in Unarmed Combat
  1231 | D:1      | Slain by a gnoll

Vault maps used:
D:1:      minmay_arrival_shoal_huts
D:2:      ecumenical_altar_2

Vanquished Creatures
  2 giant geckos
  3 goblins
  6 jackals
  3 kobolds
  A rat
15 creatures vanquished.
